 Dungeon Crawl Stone Soup version 0.30.0-20-g3615ddf2f0 (webtiles) character file.

Game seed: 2218282042080713909

171 qw the Chopper (level 5, -1/32 HPs)
             Began as a Gargoyle Fighter on June 1, 2023.
             Slain by Sigmund
             ... wielding a +0 scythe
              (3 damage)
             ... on level 3 of the Dungeon.
             The game lasted 00:01:05 (1851 turns).

qw the Chopper (Gargoyle Fighter)                   Turns: 1851, Time: 00:01:05

Health: -1/32      AC: 10    Str: 21    XL:     5   Next: 51%
Magic:  5/5        EV:  9    Int:  9    God:
Gold:   127        SH:  4    Dex:  9    Spells: 4/4 levels left

rFire   . . .        Y - +0 war axe
rCold   . . .        c - +0 buckler
rNeg    + . .        b - +0 scale mail
rPois   inf          (no helmet)
rElec   +            (no cloak)
rCorr   .            (no gloves)
SInv    .            (no boots)
Will    .....        (no amulet) Stlth
                     (no ring)
HPRegen 0.25/turn    (no ring)
MPRegen 0.09/turn

%: no passive effects
@: no status effects
A: sickness immunity, AC +4, negative energy resistance 1, electricity
resistance, torment resistance 1, petrification resistance
a: no special abilities


You were on level 3 of the Dungeon.
You visited 1 branch of the dungeon, and saw 3 of its levels.

You collected 127 gold pieces.


Innate Abilities, Weirdness & Mutations

You are immune to sickness and miasma.
Your stone body is resilient. (AC +4)
You are immune to poison.
You resist negative energy. (rN+)
You are resistant to electric shocks. (rElec)
You are resistant to unholy torment.
You are immune to petrification.


   Skills:
 + Level 3.2 Fighting
 - Level 5.1 Axes
 - Level 3.2 Armour
 - Level 3.2 Shields


You had 4 spell levels left.
You didn't know any spells.
Your spell library was empty.

Inventory:

Hand Weapons
 f - a +0 whip
 Y - a +0 war axe (weapon)
Missiles
 k - 5 boomerangs (quivered)
Armour
 b - a +0 scale mail (worn)
 c - a +0 buckler (worn)
Scrolls
 g - a scroll of identify
 h - a scroll of butterflies {unknown}
Potions
 a - a potion of attraction
 d - a potion of might
 e - a potion of resistance
 j - 2 potions of curing {unknown}

Dungeon Overview and Level Annotations

Branches:
Dungeon (3/15)

Altars:

Annotations:
D:3 Sigmund


Message History

You can move again.
You slash Ijyb!
Ijyb is almost dead.
Something hits you. Ijyb hits you with a +0 club.
You closely miss Ijyb.
Ijyb is almost dead.
Ijyb hits you but does no damage. Something hits you but does no damage.
Ijyb zaps a wand.
You resist with some effort.
The now-empty wand crumbles to dust.
You closely miss Ijyb.
Ijyb is almost dead.
Something hits you but does no damage. You block Ijyb's attack.
You hit Ijyb but do no damage.
Ijyb is almost dead.
Something hits you but does no damage. Ijyb hits you with a +0 club.
1844 ||| READING scroll of teleportation.
As you read the scroll of teleportation, it crumbles to dust.
You feel strangely unstable. You block Ijyb's attack. Something hits you.
You closely miss Ijyb.
Ijyb is almost dead.
You block Ijyb's attack.
You slash Ijyb!
You kill Ijyb!
Your surroundings suddenly seem different.
Your Axes skill increases to level 5!
Autopickup is now on.
You start resting.
Something hits you.
Deactivating autopickup; reactivate with Ctrl-A.
Autopickup is now on.
You start resting.
A magic dart appears from out of thin air!
Deactivating autopickup; reactivate with Ctrl-A.
The magic dart hits you but does no damage.
You swing at nothing.
Something hits you.
You swing at nothing.
Something hits you.
You die...

#....#.#
#...##########
##............
###............
#..........####
#..####........
##.###:....###.
##......)....#.####.#
#...@.{#...#...#.....
#....................
#...................#
##...#####...........#
#...####............##
#....##..#............
#..#.....#..%.........
##....................
###.....#%.###.#.#..#


There were no monsters in sight!

Vanquished Creatures
  2 iguanas
  Ijyb (D:3)
  A gnoll (D:1)
  4 adders
  2 dart slugs
  5 endoplasms
  2 giant cockroaches
  6 goblins
  A hobgoblin (D:2)
  2 jackals (D:1)
  2 kobolds (D:1)
  2 quokkas
  6 ball pythons
  4 bats
  2 frilled lizards
  7 rats
49 creatures vanquished.

Notes
Turn   | Place    | Note
-------+----------+-------------------------------------------
     0 | D:1      | qw the Gargoyle Fighter began the quest for the Orb.
     0 | D:1      | Reached XP level 1. HP: 14/14 MP: 1/1
     0 | D:1      | 0 ||| qw: Version: 0.2-a-102-gfc559e5
     0 | D:1      | 0 ||| qw: Game counter: 634
     0 | D:1      | 0 ||| qw: Always use a shield: true
     0 | D:1      | 0 ||| qw: God list: Okawaru
     0 | D:1      | 0 ||| qw: Allow faded altars: false
     0 | D:1      | 0 ||| qw: Do Orc after D:15 true
     0 | D:1      | 0 ||| qw: Do second Lair branch before Depths: true
     0 | D:1      | 0 ||| qw: Lair rune preference: random
     0 | D:1      | 0 ||| qw: Plans: Normal, Zot:1-4, Slime:5, God:TSO, Crypt,
                  | Tomb, Pan, Hells, Abyss, Win
     0 | D:1      | 0 ||| PLANNING D:1-11
    58 | D:1      | Reached skill level 2 in Axes
   107 | D:1      | Reached XP level 2. HP: 19/19 MP: 2/2
   153 | D:1      | 153 ||| DROPPING +0 club.
   304 | D:1      | Reached skill level 3 in Axes
   304 | D:1      | Reached XP level 3. HP: 14/23 MP: 3/3
   543 | D:1      | 543 ||| Stepping ~*~*~tactically~*~*~ (hiding).
   748 | D:1      | 748 ||| READING 2 scrolls labelled FIXKAEXAPY.
   749 | D:1      | 749 ||| READING 3 scrolls labelled DOX WANTOO.
   750 | D:1      | 750 ||| DROPPING scroll of immolation.
   824 | D:2      | 824 ||| Stepping ~*~*~tactically~*~*~ (stealth).
   827 | D:2      | 827 ||| Stepping ~*~*~tactically~*~*~ (stealth).
   876 | D:2      | 876 ||| Stepping ~*~*~tactically~*~*~ (stealth).
   883 | D:2      | 883 ||| Stepping ~*~*~tactically~*~*~ (hiding).
   893 | D:2      | 893 ||| STAIRDANCE
   895 | D:1      | HP: 5/23 [iguana (10)]
   904 | D:1      | Reached XP level 4. HP: 10/28 MP: 4/4
   978 | D:1      | 978 ||| READING 2 scrolls of identify.
   978 | D:1      | 978 ||| IDENTIFYING inky potion
  1045 | D:2      | Reached skill level 4 in Axes
  1173 | D:2      | Found a faded altar of an unknown god.
  1310 | D:2      | Reached XP level 5. HP: 32/32 MP: 5/5
  1681 | D:2      | 1681 ||| READING scroll labelled ETSI XARODDEU.
  1682 | D:2      | 1682 ||| READING 2 scrolls labelled VOSTER BOBRIF.
  1685 | D:2      | 1685 ||| READING scroll labelled TAPARR JELE.
  1686 | D:2      | 1686 ||| READING 2 scrolls of identify.
  1686 | D:2      | 1686 ||| IDENTIFYING amethyst potion
  1789 | D:3      | 1789 ||| FLEEEEING.
  1790 | D:3      | 1790 ||| FLEEEEING.
  1791 | D:3      | 1791 ||| FLEEEEING.
  1806 | D:3      | Noticed Sigmund
  1806 | D:3      | Noticed Ijyb
  1807 | D:3      | 1807 ||| FLEEEEING.
  1808 | D:3      | 1808 ||| FLEEEEING.
  1809 | D:3      | 1809 ||| FLEEEEING.
  1810 | D:3      | 1810 ||| FLEEEEING.
  1812 | D:3      | 1812 ||| FLEEEEING.
  1815 | D:3      | 1815 ||| FLEEEEING.
  1827 | D:3      | Paralysed by Ijyb for 4 turns
  1838 | D:3      | Paralysed by Ijyb for 2 turns
  1843 | D:3      | HP: 8/32 [Ijyb/+0 club (2)]
  1844 | D:3      | 1844 ||| READING scroll of teleportation.
  1846 | D:3      | Killed Ijyb
  1847 | D:3      | Reached skill level 5 in Axes
  1850 | D:3      | HP: 2/32 [something (3)]
  1851 | D:3      | Slain by Sigmund

Levels and vault maps discovered:
D:1:      lemuel_arrival_muddy, layout_basic
D:2:      layout_basic, chequers_ecumenical_altar_simple_redux,
          chequers_serial_rivers_large_b
D:3:      layout_rooms, serial_shops, shop, uniq_sigmund, uniq_terence,
          uniq_ijyb

Skill      XL: |  1  2  3  4  5 |
---------------+----------------+-----
Axes           | 2 3 4 5 |  5.1
Fighting       | |  3.2
Armour         | |  3.2
Shields        | |  3.2

Action                     |  1- 3 |  4- 6 || total
---------------------------+-------+-------++-------
  Melee: War axe           |    64 |   106 ||   170
  Throw: Boomerang         |       |     8 ||     8
    Use: Scroll            |     2 |     6 ||     8
 Armour: Scale mail        |    27 |    61 ||    88
  Dodge: Dodged            |    27 |    48 ||    75
  Block: Buckler           |    12 |    23 ||    35

Table legend:
 A = Non-vault XP
 B = Vault XP
 C = Vault XP percentage of total XP
 D = Non-vault monster count
 E = Vault monster count
 F = Vault count percentage of total count
                 A         B        C        D         E       F
            +---------+---------+-------+---------+---------+-------
      Total |     209 |      36 |  14.7 |      48 |       1 |   2.0
            +---------+---------+-------+---------+---------+-------
        D:1 |      86 |       0 |   0.0 |      22 |       0 |   0.0
        D:2 |      97 |       0 |   0.0 |      17 |       0 |   0.0
        D:3 |      26 |      36 |  58.1 |       9 |       1 |  10.0
            +---------+---------+-------+---------+---------+-------
